 Dungeon Crawl Stone Soup version 0.20.1-1-g8b1a95d (webtiles) character file.

760 vatarom the Cutter (level 7, -2/50 (51) HPs)
             Began as a Demonspawn Hunter on Sept 23, 2017.
             Killed by divine providence
             ... invoked by an orc priest
              (8 damage)
             ... on level 5 of the Dungeon.
             The game lasted 00:08:07 (3917 turns).

vatarom the Cutter (Demonspawn Hunter)              Turns: 3917, Time: 00:08:08

HP:   -2/50 (51)    AC:  8    Str: 15    XL:     7   Next: 51%
MP:   7/7           EV: 14    Int: 12    God:
Gold: 258           SH:  0    Dex: 13    Spells: 6/6 levels left

rFire    . . .     SeeInvis .   g - +1 dagger (distort)
rCold    . . .     Gourm    .   (no shield)
rNeg     . . .     Faith    .   c - +1 leather armour
rPois    .         Spirit   .   u - +0 helmet
rElec    .         Reflect  .   r - +0 cloak
rCorr    .         Harm     .   (no gloves)
MR       .....                  (no boots)
Stlth    ++........             l - amulet of magic regeneration
Regen    0.2/turn               i - +2 ring of evasion
MPRegen  0.2/turn               (no ring)

@: no status effects
A: claws 2, thin metallic scales 1, powered by death 1
a: no special abilities


You were on level 5 of the Dungeon.
You were not hungry.

You visited 1 branch of the dungeon, and saw 5 of its levels.

You collected 258 gold pieces.

Inventory:

Hand Weapons
 a - a +1 hand crossbow
 b - a +0 short sword
 g - a +1 dagger of distortion (weapon)
Missiles
 d - 55 bolts
Armour
 c - a +1 leather armour (worn)
 r - a +0 cloak (worn)
 u - a +0 helmet (worn)
Jewellery
 i - a +2 ring of evasion (left claw)
 l - an amulet of magic regeneration (around neck)
Wands
 t - a wand of flame (43/48)
Scrolls
 j - 4 scrolls of teleportation
 o - 2 scrolls of remove curse
 v - a scroll of immolation {unknown}
 x - a scroll of blinking
Potions
 e - a potion of haste {unknown}
 m - a potion of berserk rage
 n - a potion of might
 p - a potion of curing
 s - a potion of agility
Comestibles
 h - 3 meat rations
 k - a royal jelly
 q - 4 fruits
 w - a bread ration


   Skills:
 - Level 2.3 Fighting
 * Level 6.1 Short Blades
 - Level 3.6 Crossbows
 - Level 1.7 Dodging
 + Level 4.6 Stealth


You had 6 spell levels left.
You didn't know any spells.

Dungeon Overview and Level Annotations

Branches:
Dungeon (5/15)
 Temple: D:4-7

Altars:
Makhleb


Innate Abilities, Weirdness & Mutations

You have very sharp fingernails.
You are partially covered in thin metallic scales. (AC +2)
You regenerate a little health from kills.


Message History

The orc hits you with a flail.
The orc priest calls down the wrath of Beogh upon you.
Beogh smites you!
You barely miss the orc. You barely miss the orc.
The orc hits you but does no damage. The orc closely misses you.
The orc priest mumbles some strange prayers to Beogh against you.
Beogh smites you!
You hit the giant cockroach but do no damage.
The giant cockroach looks slightly unstable.
The orc misses you. The orc closely misses you.
The orc hits you but does no damage. The giant cockroach barely misses you.
The giant cockroach misses you.
The giant cockroach disappears!
The orc priest mumbles some strange prayers to Beogh against you.
Pain shoots through your body!
* * * LOW HITPOINT WARNING * * *
The orc priest calls down the wrath of Beogh upon you.
Beogh smites you!
You die...

.........###.#
.......#...#)# #
######.###...####.#####
#. #...#......... +.
#.#...##(..... ##
#.##..........
#####.#..##.......
#......รท..........
..###@..###.......
#o.## ....... ##o.#
#.....( ##########..o#
#..... #.......$oo.##
##### ............##
.............#
.............#
.......s.!...#


You could see an orc priest and 3 orcs.

Vanquished Creatures
  A necrophage (D:5)
  An ogre (D:4)
  Blork the orc (D:4)
  3 hounds
  An orc priest (D:4)
  An orc wizard (D:5)
  A gnoll shaman (D:4)
  4 worker ants
  Robin (D:4)
  3 gnolls (D:4)
  5 adders
  An adder skeleton (D:5)
  2 dart slugs (D:1)
  4 leopard geckos
  10 orcs
  11 bats
  2 giant cockroaches
  12 goblins
  4 hobgoblins
  8 jackals
  11 kobolds
  3 quokkas
  A ball python (D:2)
  4 frilled lizards
  2 rats (D:3)
97 creatures vanquished.

Vanquished Creatures (others)
  An ogre (D:4)
  A gnoll (D:4)
  An adder (D:2)
  A dart slug (D:1)
  A leopard gecko (D:2)
  A giant cockroach (D:1)
  A goblin (D:2)
  A rat (D:3)
8 creatures vanquished.

Grand Total: 105 creatures vanquished

Notes
Turn   | Place    | Note
-------+----------+-------------------------------------------
     0 | D:1      | vatarom the Demonspawn Hunter began the quest for the Orb.
     0 | D:1      | Reached XP level 1. HP: 16/16 MP: 1/1
   237 | D:1      | Reached skill level 1 in Stealth
   260 | D:1      | Reached skill level 1 in Short Blades
   368 | D:1      | Gained mutation: You regenerate a little health from kills. [demonic ancestry]
   368 | D:1      | Reached XP level 2. HP: 22/22 MP: 2/2
   901 | D:2      | You fall through a shaft!
  1231 | D:2      | Gained mutation: You are partially covered in thin metallic scales. (AC +2) [demonic ancestry]
  1231 | D:2      | Reached XP level 3. HP: 20/28 MP: 3/3
  1276 | D:2      | Reached skill level 2 in Short Blades
  1702 | D:2      | Gained mutation: You have sharp fingernails. [demonic ancestry]
  1702 | D:2      | Reached XP level 4. HP: 34/34 MP: 4/4
  2377 | D:3      | Found a burning altar of Makhleb.
  2704 | D:4      | Reached skill level 3 in Short Blades
  2723 | D:4      | Reached XP level 5. HP: 39/39 MP: 5/5
  2802 | D:4      | Noticed an ogre
  2808 | D:4      | Banished an ogre
  2812 | D:4      | Reached skill level 4 in Short Blades
  2815 | D:4      | Noticed Robin
  2884 | D:4      | Reached XP level 6. HP: 45/45 MP: 6/6
  2904 | D:4      | Noticed Blork the orc
  2912 | D:4      | Killed Blork the orc
  3045 | D:4      | Killed Robin
  3182 | D:4      | Reached skill level 5 in Short Blades
  3242 | D:4      | Gained mutation: You have very sharp fingernails. [demonic ancestry]
  3242 | D:4      | Reached XP level 7. HP: 43/51 MP: 7/7
  3519 | D:5      | Entered Level 5 of the Dungeon
  3693 | D:5      | Reached skill level 6 in Short Blades
  3917 | D:5      | Killed from afar by an orc priest

Skill      XL: |  1  2  3  4  5  6  7 |
---------------+----------------------+-----
Stealth        | 1 2 3 4 |  4.6
Short Blades   | 1 2 3 4 5 6 |  6.1
Fighting       | |  2.3
Crossbows      | |  3.6
Dodging        | |  1.7

Action                   |  1- 3 |  4- 6 |  7- 9 || total
-------------------------+-------+-------+-------++-------
Melee: Dagger            |    92 |   157 |    66 ||   315
Evoke: Wand              |       |     2 |       ||     2
  Use: Potion            |     4 |       |       ||     4
       Scroll            |     4 |     8 |       ||    12
 Stab: Sleeping          |     2 |     7 |     1 ||    10
       Distracted        |       |     1 |       ||     1
  Eat: Bread ration      |     1 |       |       ||     1
       Chunk             |       |     3 |     2 ||     5
Armor: Leather armour    |    24 |    35 |    19 ||    78
Dodge: Dodged            |    52 |    91 |    31 ||   174
